 Dungeon Crawl Stone Soup version 0.22.1-2-g9c5b331 (webtiles) character file.

1584 MalarOregon the Chiller (level 8, -10/60 HPs)
             Began as a Merfolk Ice Elementalist on Nov 15, 2018.
             Mangled by a hornet zombie (11 damage)
             ... on level 6 of the Dungeon.
             The game lasted 00:19:29 (6747 turns).

MalarOregon the Chiller (Merfolk Ice Elementalist)  Turns: 6747, Time: 00:19:30

Health: -10/60     AC:  4    Str:  9    XL:     8   Next: 92%
Magic:  0/16       EV: 13    Int: 16    God:
Gold:   414        SH:  0    Dex: 14    Spells: 7/18 levels left

rFire    . . .     SeeInvis .   y - staff of conjuration (curse) {!a}
rCold    . . .     Gourm    .   (no shield)
rNeg     + . .     Faith    .   a - +0 robe
rPois    .         Spirit   .   k - +1 helmet
rElec    .         Reflect  .   (no cloak)
rCorr    .         Harm     .   (no gloves)
MR       .....                  (no boots)
Stlth    ++........             (no amulet)
HPRegen  0.20/turn              i - ring of positive energy
MPRegen  0.15/turn              v - ring of flight

@: very slightly contaminated
A: change form in water, swift swim, stealthy swim
a: Evoke Flight


You were on level 6 of the Dungeon.
You were hungry.

You visited 1 branch of the dungeon, and saw 6 of its levels.

You collected 414 gold pieces.

Inventory:

Missiles
 g - 5 tomahawks (quivered)
 o - 7 needles of confusion
Armour
 a - a +0 robe (worn)
 k - a +1 helmet (worn)
   (You found it on level 1 of the Dungeon)
Magical Staves
 y - a cursed staff of conjuration (weapon) {!a}
   (You found it on level 5 of the Dungeon)
Jewellery
 i - a ring of positive energy (left hand)
   (You found it on level 1 of the Dungeon)
 p - an uncursed ring of fire
   (You found it on level 2 of the Dungeon)
 v - a ring of flight (right hand)
   (You found it on level 3 of the Dungeon)
Wands
 d - a wand of iceblast (12)
   (You took it off an orc on level 4 of the Dungeon)
Scrolls
 h - a scroll of remove curse {@r2}
 j - a scroll of magic mapping
 x - a scroll of immolation {!r}
Potions
 c - a potion of agility {unknown}
 f - a potion of brilliance {unknown}
 l - 2 potions of flight {unknown}
 n - 4 potions of lignification {!q}
 s - 4 potions of might
 t - 4 potions of curing {@q1}
 u - a potion of invisibility
 w - 2 potions of mutation {!q}
 z - a potion of haste {@q3}
Comestibles
 b - a chunk of flesh
 e - 11 rations {!d}


   Skills:
 + Level 4.3 Fighting
   Level 3.7(4.3) Polearms
 + Level 1.7(2.2) Staves
 - Level 3.0 Dodging
 - Level 2.1 Stealth
 * Level 5.8 Spellcasting
 * Level 3.7 Conjurations
 * Level 6.0 Ice Magic
 + Level 2.2 Evocations


You had 7 spell levels left.
You knew the following spells:

 Your Spells              Type           Power        Failure   Level  Hunger
a - Freeze                Ice            ###.         1%          1    None
c - Throw Icicle          Conj/Ice       ####....     19%         4    ####...
d - Summon Ice Beast      Ice/Summ       ##......     38%         4    ####...
x - Throw Frost           Conj/Ice       ####..       2%          2    #......

Your spell library contained the following spells:

 Spells                   Type           Power        Failure   Level  Hunger
 Ozocubu's Armour         Chrm/Ice       ##......     12%         3    ##.....
 Confusing Touch          Hex            #.....       14%         1    None
 Confuse                  Hex            #.......     38%         3    ##.....
 Gell's Gravitas          Tloc           #.........   38%         3    ##.....
 Metabolic Englaciation   Hex/Ice        ##........   75%         5    ######.
 Petrify                  Tmut/Erth      #.......     80%         4    ####...
 Yara's Violent Unravell  Hex/Tmut       #.........   98%         5    ######.


Dungeon Overview and Level Annotations

Branches:
Dungeon (6/15)
 Temple: D:4-7

Altars:
Qazlal
Trog


Message History

You feel a surge of power!
You miscast Throw Icicle.
You are very lightly contaminated with residual magic.
Nothing appears to happen.
The hornet zombie barely misses you. The hornet zombie hits you!
You hit the hornet zombie. The hornet zombie misses you.
You hit the hornet zombie but do no damage.
The hornet zombie hits you!
* * * LOW HITPOINT WARNING * * *
The hornet zombie barely misses you.
You are too injured to fight recklessly!
You are too injured to fight recklessly!
Unknown command.
You hit the hornet zombie but do no damage.
The hornet zombie hits you.
* * * LOW HITPOINT WARNING * * *
You hit the hornet zombie. The hornet zombie barely misses you.
You completely miss the hornet zombie. The hornet zombie hits you!
* * * LOW HITPOINT WARNING * * *
The hornet zombie hits you!
* * * LOW HITPOINT WARNING * * *
The hornet zombie hits you!
* * * LOW HITPOINT WARNING * * *
You feel much better.
The hornet zombie completely misses you.
Found a stone staircase leading down.
The hornet zombie hits you!
* * * LOW HITPOINT WARNING * * *
Magic courses through your body. The hornet zombie hits you!
* * * LOW HITPOINT WARNING * * *
Aim: a hornet zombie (moderately damaged)
You feel a surge of power!
You miscast Throw Icicle.
You hear a crackling sound.
The hornet zombie barely misses you.
Aim: a hornet zombie (moderately damaged)
You feel a surge of power!
The shard of ice hits the hornet zombie.
The hornet zombie partially resists.
You are feeling hungry.
The hornet zombie closely misses you.
Aim: a hornet zombie (heavily damaged)
You feel a surge of power!
You miscast Throw Icicle.
Strange energies run through your body.
The hornet zombie hits you but does no damage.
The hornet zombie hits you!
* * * LOW HITPOINT WARNING * * *
Aim: a hornet zombie (heavily damaged)
You feel a surge of power!
The shard of ice hits the hornet zombie.
The hornet zombie partially resists.
The hornet zombie hits you!
You die...

#.#.# #........รท.
#.#.######..........
#.#>#....(.......##.
#...#.###.##.....##.
##..#.###...........
#.........##....##.
#..#.####.##....##.
#..#.# #....##.
#.@#.# .....##.
#.Z#.####..........
#.......$......###.
#.##.#######. #. #.
#... #. #. ##### #.
#> .. #. ## #.


You could see a hornet zombie.

Vanquished Creatures
  A deep elf mage (D:6)
  Edmund (D:4)
  A phantom (D:6)
  A black bear (D:5)
  A bullfrog (D:6)
  2 scorpions
  A howler monkey (D:3)
  3 crimson imps
  A centaur zombie (D:6)
  A centaur skeleton (D:4)
  An orc priest (D:5)
  A jelly (D:5)
  4 orc wizards
  An iguana (D:4)
  2 worker ants
  10 gnolls
  7 adders
  2 worms
  3 dart slugs (D:1)
  2 leopard geckos
  20 orcs
  9 bats
  9 giant cockroaches
  6 goblins
  10 hobgoblins
  4 jackals (D:6)
  6 kobolds
  2 quokkas
  A ball python (D:1)
  7 frilled lizards
  A quokka skeleton (D:5)
  8 rats
129 creatures vanquished.

Notes
Turn   | Place    | Note
-------+----------+-------------------------------------------
     0 | D:1      | MalarOregon the Merfolk Ice Elementalist began the quest
                  | for the Orb.
     0 | D:1      | Reached XP level 1. HP: 13/13 MP: 3/3
   151 | D:1      | Reached XP level 2. HP: 7/20 MP: 0/5
   574 | D:1      | Reached skill level 1 in Fighting
   648 | D:1      | Reached XP level 3. HP: 17/26 MP: 2/6
   876 | D:2      | Learned a level 2 spell: Throw Frost
  1087 | D:2      | Reached skill level 1 in Conjurations
  1211 | D:2      | Reached XP level 4. HP: 10/32 MP: 3/8
  1789 | D:2      | Reached skill level 1 in Polearms
  1789 | D:2      | Reached skill level 4 in Ice Magic
  1789 | D:2      | Reached XP level 5. HP: 35/38 MP: 0/10
  3128 | D:4      | Reached XP level 6. HP: 45/45 MP: 0/11
  3822 | D:4      | Noticed Edmund
  3832 | D:4      | Killed Edmund
  3832 | D:4      | Reached XP level 7. HP: 41/52 MP: 1/13
  4280 | D:4      | Found a stormy altar of Qazlal.
  4350 | D:5      | Entered Level 5 of the Dungeon
  4707 | D:5      | Learned a level 4 spell: Throw Icicle
  4712 | D:5      | Learned a level 4 spell: Summon Ice Beast
  4979 | D:5      | Found a bloodstained altar of Trog.
  5116 | D:5      | Reached skill level 5 in Ice Magic
  5273 | D:5      | Reached skill level 5 in Spellcasting
  5649 | D:5      | Reached skill level 1 in Evocations
  5649 | D:5      | Reached XP level 8. HP: 12/59 MP: 7/15
  5927 | D:6      | Reached skill level 1 in Staves
  6138 | D:6      | Noticed a deep elf mage
  6144 | D:6      | Killed a deep elf mage
  6709 | D:6      | Reached skill level 6 in Ice Magic
  6739 | D:6      | HP: 2/60 [hornet zombie (9)]
  6746 | D:6      | HP: 1/60 [hornet zombie (9)]
  6747 | D:6      | Mangled by a hornet zombie

Skill      XL: |  1  2  3  4  5  6  7  8 |
---------------+-------------------------+-----
Dodging        | 3 |  3.0
Fighting       | 1 2 3 4 |  4.3
Conjurations   | 1 2 3 |  3.7
Spellcasting   | 3 4 5 |  5.8
Polearms       | 1 2 3 |  3.7
Ice Magic      | 4 5 6 |  6.0
Evocations     | 1 2 |  2.2
Staves         | 1 |  1.7
Stealth        | |  2.1

Action                   |  1- 3 |  4- 6 |  7- 9 || total
-------------------------+-------+-------+-------++-------
Melee: Unarmed           |     6 |     1 |       ||     7
       Spear             |       |   112 |    58 ||   170
       Staff             |       |       |    85 ||    85
Throw: Tomahawk          |       |       |     1 ||     1
 Cast: Freeze            |    47 |    87 |    55 ||   189
       Throw Frost       |     8 |    12 |    61 ||    81
       Throw Icicle      |       |       |     9 ||     9
  Use: Scroll            |       |     2 |    13 ||    15
       Potion            |       |       |     3 ||     3
 Stab: Sleeping          |       |     5 |     1 ||     6
       Distracted        |       |       |     1 ||     1
  Eat: Chunk             |     1 |    10 |    12 ||    23
Armor: Robe              |     9 |    24 |    31 ||    64
Dodge: Dodged            |    24 |    84 |   126 ||   234
